[Event "Titled Tuesday Blitz June 8 2021"]
[White "Sieciechowicz, Marcin"]
[Black "Moroni, Luca Jr"]
[WhiteFideId "1130170"]
[BlackFideId "865834"]
[WhiteElo "2288"]
[BlackElo "2491"]
[Result "0-1"]
[Round "07"]
[TimeControl "180+1"]
[Date "2021.06.08"]
[WhiteClock "0:00:03"]
[BlackClock "0:00:10"]

1. d4 d5 2. c4 e6 3. Nc3 Nf6 4. cxd5 exd5 5. Bg5 c6 6. e3 h6 7. Bh4 Be6 8. Bd3 Nbd7 9. Nf3 g5 10. Bg3 Nh5 11. Be5 Nxe5 12. Nxe5 Ng7 13. Qc2 Bd6 14. O-O-O Qf6 15. f4 gxf4 16. exf4 Qxf4+ 17. Kb1 Bxe5 18. dxe5 Qxe5 19. Qf2 Nh5 20. Rhe1 Qf6 21. Qc5 Nf4 22. Bf1 Qe7 23. Qd4 Ng6 24. Bd3 Rg8 25. Na4 Qc7 26. Nc5 O-O-O 27. Nxe6 fxe6 28. Qxa7 Nf4 29. Bf1 Kd7 30. g3 Ng6 31. Qe3 Rde8 32. Bh3 Kc8 33. Bxe6+ Kb8 34. Qxh6 Rg7 35. Bf5 Rh8 36. Qg5 Ne5 37. Qf4 Nc4 38. Qxc7+ Kxc7 39. Bd3 Rxh2 40. Bxc4 dxc4 41. Re4 b5 42. Rg1 Rf7 43. Rf4 Re7 44. g4 Ree2 45. g5 Rxb2+ 46. Kc1 Rxa2 47. Kb1 Rhb2+ 48. Kc1 c3 0-1


[Site "https://www.chess.com"]

[Event "Titled Tuesday Blitz June 8 2021"]
[White "Solon, Nathan"]
[Black "Cardoso Cardoso, Jose Gabriel"]
[WhiteFideId "2017229"]
[BlackFideId "4430492"]
[WhiteElo "2626"]
[BlackElo "2801"]
[Result "0-1"]
[Round "07"]
[TimeControl "180+1"]
[Date "2021.06.08"]
[WhiteClock "0:01:29"]
[BlackClock "0:02:25"]

1. d4 Nf6 2. c4 g6 3. g3 Bg7 4. Bg2 d6 5. Nc3 O-O 6. Nf3 Nc6 7. O-O Bf5 8. d5 Na5 9. Qa4 c5 10. dxc6 Nxc6 11. Bg5 h6 12. Bd2 Ne4 13. Nxe4 Bxe4 14. Qb3 Qc7 15. Rac1 Rac8 16. Bc3 Bxf3 17. Bxg7 Bxg2 18. Bxf8 Bxf1 0-1


[Site "https://www.chess.com"]

[Event "Titled Tuesday Blitz June 8 2021"]
[White "SpeedofLight0"]
[Black "Grieve, Harry"]
[BlackFideId "426520"]
[WhiteElo "2786"]
[BlackElo "2531"]
[Result "1-0"]
[Round "07"]
[TimeControl "180+1"]
[Date "2021.06.08"]
[WhiteClock "0:01:10"]
[BlackClock "0:00:11"]

1. Nf3 f5 2. b3 d6 3. Bb2 e5 4. e3 Nf6 5. d4 e4 6. Nfd2 g6 7. c4 Bg7 8. Nc3 O-O 9. Be2 Nc6 10. a3 Bd7 11. Qc2 h5 12. h4 Ng4 13. g3 Qe7 14. Nd5 Qd8 15. Nf4 Ne7 16. Bxg4 hxg4 17. d5 Qe8 18. Bxg7 Kxg7 19. Qc3+ Kh7 20. a4 Qf7 21. a5 c6 22. Qd4 cxd5 23. cxd5 Rfc8 24. Nc4 Qg7 25. Qxg7+ Kxg7 26. Nxd6 Rc3 27. O-O Rxb3 28. Rfc1 Rd8 29. Rc7 Kf6 30. Nxb7 Rb8 31. Nc5 Be8 32. Nxb3 Rxb3 33. d6 Nc6 34. d7 Bxd7 35. Rxd7 Ne5 36. Rxa7 Rb2 37. Ra6+ Kf7 38. Rb6 Nf3+ 39. Kg2 g5 40. Rxb2 1-0


[Site "https://www.chess.com"]

[Event "Titled Tuesday Blitz June 8 2021"]
[White "Spyropoulos, Nikolaos"]
[Black "Harutjunyan, Gevorg"]
[WhiteFideId "4298977"]
[BlackFideId "13300873"]
[WhiteElo "2159"]
[BlackElo "2498"]
[Result "0-1"]
[Round "07"]
[TimeControl "180+1"]
[Date "2021.06.08"]
[WhiteClock "0:00:02"]
[BlackClock "0:00:06"]

1. d4 Nf6 2. Nf3 g6 3. Bg5 Bg7 4. Nbd2 d6 5. e3 O-O 6. Bc4 c5 7. c3 Qc7 8. O-O Nc6 9. Rc1 Rb8 10. Qe2 a6 11. a4 Bd7 12. b4 b5 13. axb5 axb5 14. Bxb5 Rxb5 15. Qxb5 Nxd4 16. Qd3 Bf5 17. e4 Nxe4 18. Nxd4 cxd4 19. Nxe4 dxc3 20. Qe2 d5 21. Nc5 d4 22. Qxe7 Qb6 23. Nd7 Bxd7 24. Qxd7 f6 25. Bf4 Rd8 26. Bc7 Rxd7 27. Bxb6 f5 28. Rfd1 d3 29. Be3 h6 30. h4 Kf7 31. b5 Ke6 32. b6 c2 33. Rxd3 Rxd3 34. Rxc2 Be5 35. Kf1 Rb3 36. Rc6+ Kd5 37. Rxg6 f4 38. Bd2 Ke4 39. Ke2 Rb2 40. Kd1 Kd3 41. Bc1 Rxf2 42. b7 Rf1# 0-1


[Site "https://www.chess.com"]

[Event "Titled Tuesday Blitz June 8 2021"]
[White "Stepanencu, Nicodim-Cosmin"]
[Black "Starozhilov, Leonid"]
[WhiteFideId "1256220"]
[BlackFideId "14106752"]
[WhiteElo "1704"]
[BlackElo "2414"]
[Result "0-1"]
[Round "07"]
[TimeControl "180+1"]
[Date "2021.06.08"]
[WhiteClock "0:00:03"]
[BlackClock "0:01:34"]

1. e4 g6 2. d4 Bg7 3. Nc3 d6 4. f4 Nf6 5. Nf3 O-O 6. e5 dxe5 7. fxe5 Nd5 8. Bc4 Nxc3 9. bxc3 c5 10. O-O Bg4 11. Be3 Nc6 12. h3 Bxf3 13. Qxf3 cxd4 14. cxd4 Nxd4 15. Bxf7+ Kh8 16. Qe4 Ne2+ 17. Kh2 Qc7 18. g3 Nxg3 19. Kxg3 Qxe5+ 20. Qf4 Qxf4+ 0-1


[Site "https://www.chess.com"]

[Event "Titled Tuesday Blitz June 8 2021"]
[White "Suarez Gomez, Julio"]
[Black "Rostovtsev, Dmitry"]
[WhiteFideId "22275991"]
[BlackFideId "34278320"]
[WhiteElo "2771"]
[BlackElo "2619"]
[Result "0-1"]
[Round "07"]
[TimeControl "180+1"]
[Date "2021.06.08"]
[WhiteClock "0:00:17"]
[BlackClock "0:00:06"]

1. e4 c5 2. Nf3 d6 3. Bb5+ Nd7 4. d4 cxd4 5. Qxd4 a6 6. Be2 Ngf6 7. O-O g6 8. Nc3 Bg7 9. Rd1 O-O 10. e5 Nxe5 11. Nxe5 Nd7 12. Nxf7 Bxd4 13. Nxd8 Bxf2+ 14. Kh1 Rxd8 15. Nd5 Bh4 16. Bc4 Kh8 17. Bf4 b5 18. Bb3 Nc5 19. g3 Nxb3 20. axb3 Bf6 21. Nxf6 exf6 22. Rxd6 Rxd6 23. Bxd6 Bb7+ 24. Kg1 Rd8 25. Rd1 Be4 26. c4 Kg8 27. Rd4 Bc6 28. Kf2 Kf7 29. g4 Re8 30. h3 Re4 31. Rxe4 Bxe4 32. Ke3 Ke6 33. Kxe4 Kxd6 34. Kd4 b4 35. h4 a5 36. Ke4 Kc5 37. g5 f5+ 38. Ke5 a4 39. bxa4 Kxc4 40. b3+ Kxb3 41. a5 Kc2 42. a6 b3 43. a7 b2 44. a8=Q b1=Q 45. Qc8+ Kd2 46. Qd7+ Qd3 47. Qxh7 Qe4+ 48. Kf6 f4 49. Qxg6 Qxg6+ 50. Kxg6 f3 51. h5 f2 52. h6 f1=Q 53. Kg7 Qa1+ 54. Kh7 Qa7+ 55. Kg8 Qb8+ 56. Kg7 Qc7+ 57. Kg6 Qd6+ 58. Kg7 Qe7+ 59. Kh8 Qf8+ 60. Kh7 Qf7+ 61. Kh8 Qh5 62. h7 Qf7 63. g6 Qf8# 0-1


[Site "https://www.chess.com"]

[Event "Titled Tuesday Blitz June 8 2021"]
[White "Svane, Frederik"]
[Black "Iskusnyh, Sergei"]
[WhiteFideId "12923044"]
[BlackFideId "4120027"]
[WhiteElo "2459"]
[BlackElo "2492"]
[Result "0-1"]
[Round "07"]
[TimeControl "180+1"]
[Date "2021.06.08"]
[WhiteClock "0:00:07"]
[BlackClock "0:00:19"]

1. e4 e6 2. d4 d5 3. Nd2 c5 4. exd5 exd5 5. Ngf3 Nc6 6. Bb5 cxd4 7. O-O Bd6 8. Nb3 Ne7 9. Nbxd4 O-O 10. h3 Bc7 11. c3 Qd6 12. Ne2 Ng6 13. Re1 Bf5 14. Ng3 Bd7 15. Bf1 Rfe8 16. Be3 Rad8 17. Qd2 Bc8 18. Rad1 a6 19. Bg5 f6 20. Rxe8+ Rxe8 21. Be3 Be6 22. Be2 Rd8 23. Nd4 Nxd4 24. Qxd4 Ne5 25. Qc5 Qxc5 26. Bxc5 Nc4 27. Bxc4 dxc4 28. Rxd8+ Bxd8 29. Kf1 Bc7 30. Ne2 Bf5 31. Ke1 Kf7 32. Be3 Be4 33. g3 g5 34. f4 h6 35. Kf2 Ke6 36. Nd4+ Kd5 37. fxg5 fxg5 38. h4 gxh4 39. gxh4 h5 40. Ne2 Bf5 41. Bf4 Bd8 42. Bg5 Bc7 43. Bf4 Bb6+ 44. Be3 Bc7 45. Nd4 Bg4 46. Bg5 Ke4 47. Nc2 Bd6 48. Kg2 b5 49. Ne3 Be2 50. Kf2 Bd3 51. Kg2 b4 52. Nd1 a5 53. Nf2+ Kd5 54. Kf3 Bf5 55. Ke2 b3 56. axb3 cxb3 57. Nd1 a4 58. Ne3+ Ke4 59. Nc4 Bg4+ 60. Kd2 Bc7 61. Be3 Kf3 62. Bb6 Bb8 63. Bd8 Bf4+ 64. Kd1 Bf5 65. Nd2+ Kf2 66. Nc4 Bc2# 0-1


[Site "https://www.chess.com"]

[Event "Titled Tuesday Blitz June 8 2021"]
[White "Tanenbaum, Zachary"]
[Black "Ambartsumova, Karina"]
[WhiteFideId "2060850"]
[BlackFideId "4166299"]
[WhiteElo "2165"]
[BlackElo "2262"]
[Result "1-0"]
[Round "07"]
[TimeControl "180+1"]
[Date "2021.06.08"]
[WhiteClock "0:00:11"]
[BlackClock "0:00:03"]

1. e4 c5 2. Nf3 e6 3. d4 cxd4 4. Nxd4 a6 5. Bd3 Bc5 6. Nb3 Ba7 7. O-O Nc6 8. Qg4 Nf6 9. Qxg7 Rg8 10. Qh6 Rg6 11. Qh4 Ne5 12. Qf4 Rg4 13. Qxe5 Bb8 14. Qc5 b6 15. Qe3 Rh4 16. h3 h6 17. Nc3 Ng4 18. Qe2 Qc7 19. f4 Nf6 20. Be3 Bb7 21. Qf2 Rh5 22. Rae1 b5 23. e5 Nd5 24. Ne4 Nxe3 25. Nf6+ Kf8 26. Rxe3 Ba7 27. Nxh5 Bxe3 28. Qxe3 Qc6 29. Qg3 Ke7 30. Nf6 h5 31. Be4 Qb6+ 32. Qf2 Qxf2+ 33. Rxf2 1-0


[Site "https://www.chess.com"]

[Event "Titled Tuesday Blitz June 8 2021"]
[White "Tejedor Fuente, Enrique"]
[Black "Ibarra Jerez, Jose Carlos"]
[WhiteFideId "2299100"]
[BlackFideId "2226332"]
[WhiteElo "2636"]
[BlackElo "2814"]
[Result "0-1"]
[Round "07"]
[TimeControl "180+1"]
[Date "2021.06.08"]
[WhiteClock "0:00:02"]
[BlackClock "0:00:55"]

1. e4 c5 2. Nc3 a6 3. Nf3 b5 4. a4 b4 5. Nd5 Bb7 6. Bd3 e6 7. Nf4 Qc7 8. Nh5 c4 9. Be2 Bxe4 10. d3 cxd3 11. Bxd3 Bg6 12. Ng3 Nf6 13. O-O Nc6 14. a5 Bc5 15. Qe2 Bxd3 16. Qxd3 h6 17. Qc4 Nxa5 18. Qh4 Be7 19. Bg5 Nc6 20. Bf4 d6 21. Nh5 g5 22. Nxf6+ Bxf6 23. Bxg5 hxg5 24. Qc4 d5 25. Qg4 Ne5 26. Nxe5 Qxe5 27. h3 Qe4 28. Qg3 Be5 29. Qxg5 Qf4 30. Qxf4 Bxf4 31. Ra4 a5 32. c3 Bd6 33. Rfa1 bxc3 34. bxc3 Ke7 35. c4 Rh4 36. cxd5 Rxa4 37. Rxa4 exd5 38. h4 Bb4 39. g4 Kf6 40. f4 d4 41. Kf2 Re8 42. Ra2 d3 43. g5+ Kf5 44. Kf3 d2 45. Ra1 Re1 0-1


[Site "https://www.chess.com"]

[Event "Titled Tuesday Blitz June 8 2021"]
[White "Terry, Renato"]
[Black "Bachmann, Axel"]
[WhiteFideId "3803457"]
[BlackFideId "3700488"]
[WhiteElo "2581"]
[BlackElo "2642"]
[Result "1-0"]
[Round "07"]
[TimeControl "180+1"]
[Date "2021.06.08"]
[WhiteClock "0:01:16"]
[BlackClock "0:01:42"]

1. d4 d5 2. Bg5 Nf6 3. e3 Bg4 4. Qd3 c6 5. Nd2 Nbd7 6. Ngf3 e6 7. Qb3 b5 8. a4 a6 9. Ne5 Nxe5 10. dxe5 h6 11. Bxf6 gxf6 12. exf6 b4 13. Bd3 Qxf6 14. h3 Bh5 15. g4 Bg6 16. Bxg6 fxg6 17. Qd3 c5 18. Rd1 Bg7 19. b3 O-O 20. O-O Ra7 21. f4 a5 22. Nf3 Qd4 23. exd4 1-0


[Site "https://www.chess.com"]

[Event "Titled Tuesday Blitz June 8 2021"]
[White "Tristan, Leonardo"]
[Black "Zubov, Alexander"]
[WhiteFideId "113816"]
[BlackFideId "14109409"]
[WhiteElo "2404"]
[BlackElo "2740"]
[Result "0-1"]
[Round "07"]
[TimeControl "180+1"]
[Date "2021.06.08"]
[WhiteClock "0:00:01"]
[BlackClock "0:00:39"]

1. d4 Nf6 2. Bf4 d5 3. e3 c5 4. Nf3 cxd4 5. exd4 Nc6 6. Nbd2 Bg4 7. c3 e6 8. Qb3 Qc8 9. Bd3 Be7 10. O-O Bh5 11. a4 Bg6 12. Bxg6 hxg6 13. Rfe1 O-O 14. Qd1 Na5 15. Ne5 Nd7 16. Qg4 Nxe5 17. Bxe5 Nc6 18. Nf3 Qd8 19. h4 Bf6 20. Re3 Ne7 21. Ng5 Nf5 22. Rh3 Re8 23. Re1 a6 24. Qf4 b5 25. g4 Nh6 26. Nf3 bxa4 27. Bc7 Qd7 28. g5 e5 29. Bxe5 Qxh3 30. gxh6 Qf5 31. Qg3 gxh6 32. Re3 Re6 33. Nh2 Bxe5 34. dxe5 h5 35. f4 Rb8 36. Nf3 Qg4 37. Qxg4 hxg4 38. Nd4 Rxb2 39. Nxe6 a3 40. Nd4 a2 41. Nb3 Rxb3 0-1


[Site "https://www.chess.com"]

[Event "Titled Tuesday Blitz June 8 2021"]
[White "Tsydypov, Zhamsaran"]
[Black "Kazakouski, Valery"]
[WhiteFideId "4108566"]
[BlackFideId "13507443"]
[WhiteElo "2645"]
[BlackElo "2546"]
[Result "1-0"]
[Round "07"]
[TimeControl "180+1"]
[Date "2021.06.08"]
[WhiteClock "0:00:12"]
[BlackClock "0:00:14"]

1. e4 c5 2. Nf3 a6 3. d4 cxd4 4. Nxd4 Nf6 5. Nc3 e5 6. Nf3 Bb4 7. Bc4 Qc7 8. Bb3 d6 9. O-O Bxc3 10. bxc3 Nxe4 11. Re1 Nc5 12. Ba3 O-O 13. Ng5 Bf5 14. Bxf7+ Rxf7 15. Nxf7 Qxf7 16. Qxd6 Ncd7 17. Rxe5 Nc6 18. Re2 Re8 19. Rxe8+ Qxe8 20. Qc7 Qb8 21. Qxb8+ Ndxb8 22. Rb1 b5 23. c4 Bxc2 24. Rb2 Bd3 25. cxb5 axb5 26. Rd2 Bc4 27. f3 Kf7 28. Kf2 Ne5 29. Bd6 Nbc6 30. Bxe5 Nxe5 31. Ke3 Ke6 32. Ke4 Nc6 33. f4 Nb4 34. a3 Nc6 35. f5+ Ke7 36. g4 Nd8 37. g5 Nf7 38. h4 h6 39. g6 Nd6+ 40. Ke5 Ne8 41. Rd4 Bg8 42. a4 bxa4 43. Rxa4 Nf6 44. Ra7+ Nd7+ 45. Kd4 h5 46. Ke4 Bc4 47. Kf4 Bd3 48. Kg5 Ke8 49. Ra8+ Ke7 50. Rg8 1-0


[Site "https://www.chess.com"]

[Event "Titled Tuesday Blitz June 8 2021"]
[White "Vignesh, N R"]
[Black "Aradhya, Garg"]
[WhiteFideId "25012215"]
[BlackFideId "25006746"]
[WhiteElo "2401"]
[BlackElo "2146"]
[Result "1/2-1/2"]
[Round "07"]
[TimeControl "180+1"]
[Date "2021.06.08"]
[WhiteClock "0:00:12"]
[BlackClock "0:00:14"]

1. d4 d5 2. Bf4 Nf6 3. e3 c5 4. c3 Nc6 5. Nd2 Bf5 6. Ngf3 Qb6 7. Qb3 c4 8. Qxb6 axb6 9. a3 e6 10. Nh4 Be4 11. f3 Bg6 12. Nxg6 hxg6 13. g4 Kd7 14. e4 b5 15. e5 Ne8 16. Rc1 Be7 17. Bg3 g5 18. Be2 f6 19. exf6 gxf6 20. h4 gxh4 21. Rxh4 Rxh4 22. Bxh4 e5 23. dxe5 fxe5 24. Bxe7 Kxe7 25. Kf2 Ng7 26. Rh1 Kf7 27. Bd1 Ne7 28. Bc2 Ng6 29. Rh6 Nf4 30. Rb6 Rb8 31. Rxb5 Nge6 32. Nf1 Ke7 33. Ne3 Kd6 34. Bf5 Kc6 35. a4 Nc5 36. Bc2 Rh8 37. b4 cxb3 38. Bxb3 Rh2+ 39. Kg3 Rh3+ 40. Kf2 Rh2+ 41. Kg3 Rh3+ 42. Kf2 Nfd3+ 43. Kg2 Nf4+ 44. Kf2 1/2-1/2


[Site "https://www.chess.com"]

[Event "Titled Tuesday Blitz June 8 2021"]
[White "Visakh N R"]
[Black "Goryachkina, Aleksandra"]
[WhiteFideId "25012223"]
[BlackFideId "4147103"]
[WhiteElo "2428"]
[BlackElo "2441"]
[Result "1-0"]
[Round "07"]
[TimeControl "180+1"]
[Date "2021.06.08"]
[WhiteClock "0:00:27"]
[BlackClock "0:00:04"]

1. e4 c5 2. Nf3 e6 3. Nc3 a6 4. d4 cxd4 5. Nxd4 d6 6. Be2 Nf6 7. O-O Be7 8. Be3 Qc7 9. a4 Nc6 10. f4 O-O 11. Kh1 Bd7 12. Qe1 Rac8 13. Qg3 Kh8 14. Nxc6 Bxc6 15. Bd3 d5 16. exd5 Bxd5 17. Bd4 Bc4 18. Be5 Qa5 19. Rad1 Bxd3 20. Rxd3 Rfd8 21. Rdf3 Rd2 22. f5 exf5 23. Rxf5 Qd8 24. Ne4 Rd1 25. Nxf6 Rxf1+ 26. Rxf1 Bxf6 27. Bxf6 gxf6 28. c3 Rc6 29. h3 Re6 30. Kh2 Qd6 31. Qxd6 Rxd6 32. Rf4 a5 33. Rf5 b6 34. Rb5 Kg7 35. Kg3 Kf8 36. Kg4 Kg7 37. Kf5 Kf8 38. h4 Kg7 39. Ke4 Kf8 40. Rd5 Re6+ 41. Kd3 Kg7 42. b4 axb4 43. cxb4 Kf8 44. Kc4 Ke7 45. Kb5 Re4 46. Rd3 Rxh4 47. Rb3 Kd6 48. Kxb6 Kd5 49. a5 Kc4 50. Rb1 Rh5 51. a6 1-0


[Site "https://www.chess.com"]

[Event "Titled Tuesday Blitz June 8 2021"]
[White "Vlassov, Nikolai"]
[Black "Bryakin, Mikhail"]
[WhiteFideId "4103360"]
[BlackFideId "4165314"]
[WhiteElo "2407"]
[BlackElo "2409"]
[Result "1-0"]
[Round "07"]
[TimeControl "180+1"]
[Date "2021.06.08"]
[WhiteClock "0:00:17"]
[BlackClock "0:00:03"]

1. e4 g6 2. h4 h5 3. Nf3 b6 4. Ng5 Bb7 5. Nc3 e6 6. d4 d6 7. Be3 Nd7 8. Qd2 Bg7 9. O-O-O a6 10. Kb1 b5 11. f4 Nh6 12. Bd3 Ng4 13. Bg1 Qe7 14. e5 d5 15. Ne2 O-O-O 16. Qa5 Kb8 17. a4 c6 18. Nc1 Rc8 19. Na2 c5 20. dxc5 Nxc5 21. axb5 axb5 22. Nb4 Rhd8 23. Bxb5 f6 24. exf6 Qxf6 25. Bd4 Qe7 26. Bxg7 Qxg7 27. Rh3 Qc7 28. Qxc7+ Kxc7 29. Re1 Rd6 30. Rc3 Kb6 31. Be2 Nh6 32. Bf3 Nf5 33. Nd3 Nxd3 34. Rxd3 Nxh4 35. Rb3+ Ka7 36. Rxe6 Rxe6 37. Nxe6 Nxf3 38. Rxf3 Re8 39. Nd4 Re1+ 40. Ka2 Rg1 41. g3 Bc8 42. Nc6+ Kb6 43. Ne7 Bg4 44. Rb3+ Ka5 45. Nxg6 Bf5 46. Ne7 Bxc2 47. Ra3+ Kb5 48. Nxd5 Bg6 49. Nc3+ Kc4 50. Ra4+ Kd3 51. Ra6 Bf7+ 52. Ka3 Rxg3 53. Kb4 h4 54. Rh6 h3 55. Kc5 Rf3 56. Kd6 Bb3 57. Ke5 Ke3 58. f5 Kf2 59. f6 Kg2 60. Ne4 h2 61. Nd2 Re3+ 62. Kf4 Rc3 63. bxc3 Bf7 64. Rxh2+ Kxh2 65. Ne4 Kg2 66. Ng5 Be8 67. f7 Bxf7 68. Nxf7 1-0


[Site "https://www.chess.com"]

[Event "Titled Tuesday Blitz June 8 2021"]
[White "Vokhidov, Shamsiddin"]
[Black "Shahade, Gregory"]
[WhiteFideId "14204223"]
[BlackFideId "2009064"]
[WhiteElo "2572"]
[BlackElo "2711"]
[Result "1-0"]
[Round "07"]
[TimeControl "180+1"]
[Date "2021.06.08"]
[WhiteClock "0:01:12"]
[BlackClock "0:00:05"]

1. e4 e5 2. Nf3 Nc6 3. Bc4 Nf6 4. d3 Bc5 5. c3 a6 6. Nbd2 Ba7 7. O-O d6 8. Re1 O-O 9. Nf1 h6 10. Ng3 Re8 11. Bb3 Be6 12. h3 d5 13. Qe2 Qd7 14. Nh4 Bxh3 15. exd5 Na5 16. Be3 Bg4 17. f3 Nxb3 18. axb3 Bxe3+ 19. Qxe3 Nxd5 20. Qf2 Be6 21. Rxe5 Nf6 22. d4 Bxb3 23. Ngf5 Rxe5 24. dxe5 Nh5 25. Qe3 Rd8 26. g4 Be6 27. Re1 Kh7 28. Nd4 g5 29. gxh5 gxh4 30. Qe4+ Kh8 31. Qxh4 Rg8+ 32. Kf2 Qd8 33. Qf6+ Kh7 34. Re4 Bd5 35. Rf4 Qxf6 36. Rxf6 Rg5 37. b3 Rxe5 38. Nf5 Be6 39. Rxh6+ Kg8 40. Nd4 c5 41. Nxe6 Rxe6 42. Rxe6 fxe6 43. Ke3 b5 44. b4 cxb4 45. cxb4 Kg7 46. Ke4 Kh6 47. Ke5 Kxh5 48. Kxe6 Kg5 49. Ke5 a5 50. bxa5 b4 51. Kd4 Kf4 52. a6 Kxf3 53. a7 1-0


[Site "https://www.chess.com"]

[Event "Titled Tuesday Blitz June 8 2021"]
[White "Wagner, Dennis"]
[Black "Siddharth, Jagadeesh"]
[WhiteFideId "24650684"]
[BlackFideId "5818320"]
[WhiteElo "2355"]
[BlackElo "2127"]
[Result "1-0"]
[Round "07"]
[TimeControl "180+1"]
[Date "2021.06.08"]
[WhiteClock "0:02:26"]
[BlackClock "0:01:57"]

1. d4 d5 2. Nf3 Nf6 3. c4 dxc4 4. e3 e6 5. Bxc4 c5 6. O-O a6 7. b3 cxd4 8. Nxd4 Be7 9. Bb2 O-O 10. Be2 Bd7 11. Bf3 Nc6 12. Nxc6 Bxc6 13. Bxc6 bxc6 14. Qc2 Qb6 15. Nd2 Nd5 16. Nc4 Qb7 17. e4 Nb4 18. Qe2 f6 19. a3 1-0


[Site "https://www.chess.com"]

[Event "Titled Tuesday Blitz June 8 2021"]
[White "Weetik, Vjacheslav"]
[Black "Indjic, Aleksandar"]
[WhiteFideId "4153472"]
[BlackFideId "911925"]
[WhiteElo "2653"]
[BlackElo "2917"]
[Result "1-0"]
[Round "07"]
[TimeControl "180+1"]
[Date "2021.06.08"]
[WhiteClock "0:00:06"]
[BlackClock "0:00:11"]

1. d4 g6 2. e4 Nf6 3. Nc3 d5 4. e5 Ne4 5. Nce2 f6 6. f3 Ng5 7. Bxg5 fxg5 8. Qd2 e6 9. Nh3 Bh6 10. Nf2 Bg7 11. c3 c5 12. Ng4 Nc6 13. g3 O-O 14. Bg2 b6 15. h4 gxh4 16. Rxh4 h5 17. Ne3 b5 18. f4 b4 19. c4 cxd4 20. Nxd4 Nxe5 21. fxe5 Qg5 22. O-O-O Qxe5 23. cxd5 Bb7 24. Nxe6 Bh6 25. Re4 Qxg3 26. Nxf8 Rxf8 27. Kb1 Rf2 28. Qd4 Bg7 29. Qc4 Kh7 30. Re7 Qd6 31. Rxb7 Qe5 32. Rxg7+ Kxg7 33. Qd4 Qxd4 34. Rxd4 Re2 35. Rd3 Kf7 36. d6 Ke8 37. d7+ Kd8 38. Bc6 h4 39. Nc4 Re6 40. Ba4 Re4 41. Re3 Rxe3 42. Nxe3 h3 43. Ng4 g5 44. Kc2 b3+ 45. axb3 h2 46. Nxh2 1-0


[Site "https://www.chess.com"]

[Event "Titled Tuesday Blitz June 8 2021"]
[White "Woodward, Andy"]
[Black "Espinosa Veloz, Ermes"]
[WhiteFideId "30953499"]
[BlackFideId "3507424"]
[WhiteElo "2719"]
[BlackElo "2333"]
[Result "0-1"]
[Round "07"]
[TimeControl "180+1"]
[Date "2021.06.08"]
[WhiteClock "0:00:02"]
[BlackClock "0:00:48"]

1. d4 Nf6 2. c4 g6 3. Nc3 Bg7 4. g3 d6 5. Bg2 O-O 6. Nf3 Nbd7 7. O-O e5 8. e4 exd4 9. Nxd4 Re8 10. Re1 Nc5 11. Qc2 Ng4 12. Nb3 Nxb3 13. axb3 f5 14. h3 Nf6 15. Bg5 h6 16. Bxf6 Bxf6 17. Nd5 Bg7 18. Rad1 Bd7 19. Kh2 Kh7 20. exf5 Bxf5 21. Be4 Rxe4 22. Rxe4 c6 23. Nf4 Qf6 24. Qe2 Bxe4 25. Qxe4 Rf8 26. Kg2 h5 27. h4 Bh6 28. Nh3 Kg7 29. Rd3 Rf7 30. b4 Re7 31. Qd4 Qxd4 32. Rxd4 Re6 33. Ng1 Bc1 34. b3 Ba3 35. c5 d5 36. Nf3 Re4 37. Kf1 Rxd4 38. Nxd4 Bxb4 39. Ne6+ Kf6 40. Nd8 Bxc5 41. Nxb7 Bb6 42. Nd6 Ke7 43. Nc8+ Kd7 44. Nxb6+ axb6 45. Ke2 c5 46. Kd3 b5 47. f3 Ke6 48. g4 Ke5 49. Ke3 d4+ 50. Kd3 Kf4 0-1


[Site "https://www.chess.com"]

[Event "Titled Tuesday Blitz June 8 2021"]
[White "Yanchenko, Roman"]
[Black "Hebden, Mark L"]
[WhiteFideId "4137329"]
[BlackFideId "400084"]
[WhiteElo "2514"]
[BlackElo "2457"]
[Result "1-0"]
[Round "07"]
[TimeControl "180+1"]
[Date "2021.06.08"]
[WhiteClock "0:00:44"]
[BlackClock "0:00:15"]

1. d4 Nf6 2. c4 g6 3. Nf3 Bg7 4. Nc3 O-O 5. Bf4 c5 6. e3 cxd4 7. exd4 d5 8. h3 Nc6 9. Rc1 Be6 10. c5 Ne4 11. Be2 Rc8 12. O-O Nxc3 13. bxc3 Qa5 14. Ng5 Bd7 15. Qb3 h6 16. Nf3 e5 17. Nxe5 Nxe5 18. Bxe5 Bxe5 19. Qxd5 Bc6 20. Qxe5 Rce8 21. Qf4 Rxe2 22. Qxh6 Qxa2 23. c4 Qa3 24. Qg5 Be4 25. Qf4 Re8 26. Rfd1 Bc2 27. Rf1 Bd3 28. Rfd1 Qb3 29. d5 Bxc4 30. Qxc4 Re1+ 31. Rxe1 Rxe1+ 32. Kh2 Qxc4 33. Rxc4 Rd1 34. c6 bxc6 35. dxc6 Rd8 36. Kg3 Kf8 37. Kf4 Ke7 38. Ra4 Ra8 39. Ke5 a5 40. Kd5 f5 41. Kc5 Kd8 42. Kd6 Ra6 43. Rh4 Ke8 44. Rh8+ Kf7 45. Kc5 a4 46. c7 1-0


[Site "https://www.chess.com"]

[Event "Titled Tuesday Blitz June 8 2021"]
[White "Zhigalko, Sergei"]
[Black "Vazquez, Facundo"]
[WhiteFideId "13502956"]
[BlackFideId "3007669"]
[WhiteElo "2662"]
[BlackElo "1984"]
[Result "1/2-1/2"]
[Round "07"]
[TimeControl "180+1"]
[Date "2021.06.08"]
[WhiteClock "0:00:05"]
[BlackClock "0:00:09"]

1. e4 c5 2. Nf3 Nc6 3. c3 Nf6 4. e5 Nd5 5. Bc4 Nb6 6. Bb3 c4 7. Bc2 d5 8. exd6 Qxd6 9. O-O Bg4 10. Re1 g6 11. b3 Ne5 12. Rxe5 Bxf3 13. Qe1 Bc6 14. Ba3 Qf6 15. Be4 e6 16. Bxc6+ bxc6 17. Bxf8 Kxf8 18. Na3 Rd8 19. Ra5 Nd5 20. Nxc4 Nf4 21. Qe5 Qxe5 22. Rxe5 Rd5 23. Kf1 Ke7 24. d4 Rhd8 25. g3 Nh5 26. Na5 Kd7 27. Rae1 f6 28. Rxd5+ cxd5 29. Nb7 Re8 30. f4 f5 31. Nc5+ Kd6 32. c4 Nf6 33. Ke2 Rc8 34. Kd3 Ne4 35. Nxe4+ fxe4+ 36. Kc3 a5 37. c5+ Kc6 38. a3 Ra8 39. Rb1 h6 40. Rb2 Ra7 41. Rg2 Rf7 42. Ra2 g5 43. Rf2 h5 44. Rf1 h4 45. Rf2 hxg3 46. hxg3 gxf4 47. Rxf4 Rg7 48. Rf6 Rxg3+ 49. Kc2 Rd3 50. Rxe6+ Kc7 51. Re7+ Kc6 52. Re6+ Kc7 53. b4 axb4 54. axb4 Rxd4 55. Kb3 Rd3+ 56. Ka4 e3 57. b5 Kd7 58. Re5 Rd4+ 59. Ka5 Re4 60. Rxd5+ Kc7 61. Rd1 e2 62. Re1 Re3 63. b6+ Kc6 64. b7 Kxb7 65. Kb5 Kc7 66. Kc4 Re4+ 67. Kd3 Re7 68. Rxe2 Rxe2 69. Kxe2 Kc6 70. Kd3 Kxc5 1/2-1/2


[Site "https://www.chess.com"]

[Event "Titled Tuesday Blitz June 8 2021"]
[White "Zhukov, Maksim"]
[Black "Nitin, S."]
[WhiteFideId "34181790"]
[BlackFideId "5018277"]
[WhiteElo "1992"]
[BlackElo "2431"]
[Result "0-1"]
[Round "07"]
[TimeControl "180+1"]
[Date "2021.06.08"]
[WhiteClock "0:01:42"]
[BlackClock "0:01:17"]

1. Nf3 Nf6 2. g3 g6 3. Bg2 Bg7 4. O-O O-O 5. d3 d5 6. Nc3 Nc6 7. e4 d4 8. Nb1 e5 9. a4 a5 10. Na3 Re8 11. Nc4 h6 12. Bd2 b6 13. b3 Nd7 14. Ne1 Nc5 15. f4 exf4 16. Bxf4 Be6 17. h4 Bxc4 18. bxc4 Ne5 19. Qd2 h5 20. Bh3 Qd6 21. Nf3 Nxf3+ 22. Rxf3 Be5 23. Bxe5 Qxe5 24. Raf1 Re7 25. g4 Nxa4 26. gxh5 Qxh5 27. Qf4 Nc3 28. Kh1 a4 29. e5 Qxe5 30. Qxe5 Rxe5 31. Rxf7 a3 32. Rxc7 a2 33. Ra1 Rae8 0-1


[Site "https://www.chess.com"]

[Event "Titled Tuesday Blitz June 8 2021"]
[White "Zierk, Steven"]
[Black "Nenezic, Marko"]
[WhiteFideId "2034255"]
[BlackFideId "912123"]
[WhiteElo "2502"]
[BlackElo "2438"]
[Result "1-0"]
[Round "07"]
[TimeControl "180+1"]
[Date "2021.06.08"]
[WhiteClock "0:00:20"]
[BlackClock "0:00:20"]

1. e4 c5 2. Nf3 d6 3. Be2 Nf6 4. c3 Bg4 5. O-O e6 6. Re1 Be7 7. d4 O-O 8. h3 Bh5 9. dxc5 dxc5 10. Qc2 Qc7 11. Na3 a6 12. g3 Bg6 13. Bf4 Qc8 14. Bf1 Nbd7 15. Rad1 Qc6 16. Bg2 Rfd8 17. Nh4 Qc8 18. Nc4 Ne8 19. Nxg6 hxg6 20. e5 g5 21. Bc1 Rb8 22. a4 b5 23. axb5 axb5 24. Na5 Rb6 25. Qe4 Nb8 26. Be3 Rxd1 27. Rxd1 Ra6 28. Nb7 c4 29. Bc5 Bxc5 30. Rd8 Qxd8 31. Nxd8 Ra1+ 32. Bf1 Rd1 33. Nxf7 Kxf7 34. Qf3+ Ke7 35. Qxd1 Nc6 36. Qg4 Nxe5 37. Qxg5+ Kd6 38. Qd8+ 1-0


[Site "https://www.chess.com"]